 Dungeon Crawl Stone Soup version 0.27.1-16-g815e20cd7a (webtiles) character file.

Game seed: 3724867885696163695

908 jjjjhere the Ruffian (level 7, -1/99 HPs)
             Began as a Troll Abyssal Knight on Nov 21, 2021.
             Was a Believer of Lugonu.
             Succumbed to Ijyb's poison
             ... on level 4 of the Dungeon.
             The game lasted 00:04:55 (3010 turns).

jjjjhere the Ruffian (Troll Abyssal Knight)         Turns: 3010, Time: 00:04:55

Health: -1/99      AC: 23    Str: 21    XL:     7   Next: 81%
Magic:  9/9        EV:  1    Int:  8    God:    Lugonu [**....]
Gold:   148        SH:  0    Dex: 17    Spells: 6/6 levels left

rFire    . . .     SeeInvis .     - Unarmed
rCold    . . .     Faith    .   (no shield)
rNeg     + + +     Spirit   .   (armour currently unavailable)
rPois    +         Reflect  .   (helmet currently unavailable)
rElec    .         Harm     .   (cloak currently unavailable)
rCorr    .         Rampage  .   (gloves unavailable)
Will     .....     NoTele   +   (boots unavailable)
Stlth    ++........             (no amulet)
HPRegen  1.26/turn              l - +6 ring of dexterity
MPRegen  0.11/turn              (no ring)

@: mighty, brilliant, lethally poisoned (-1 -> -13), tree-form, hasted, studying
Invocations, very quick
A: stationary, stasis, torment immunity, boosted hp, large, unfitting armour,
(claws 3), regeneration 1, (shaggy fur 1), (tough skin 1)
a: Renounce Religion, Depart the Abyss, Bend Space


You were on level 4 of the Dungeon.
You worshipped Lugonu.
Lugonu was pleased with you.
You were a tree.
You visited 1 branch of the dungeon, and saw 4 of its levels.
You visited the Abyss 1 time.

You collected 148 gold pieces.

Inventory:

Missiles
 q - 6 boomerangs
Armour
 a - a +0 robe (melded)
 e - a +0 cloak (melded)
Jewellery
 l - a +6 ring of dexterity (left branch)
Wands
 u - a wand of polymorph (9)
Scrolls
 b - 4 scrolls of identify {unknown}
 f - 2 scrolls of vulnerability {unknown}
 g - a scroll of blinking {unknown}
 h - a scroll of enchant armour {unknown}
 k - a scroll of teleportation {unknown}
 n - a scroll of fog {unknown}
 p - a scroll of acquirement {unknown}
 t - a scroll of silence {unknown}
 v - a scroll of amnesia {unknown}
Potions
 i - a potion of resistance {unknown}
 j - a potion of curing {unknown}
 o - a potion of brilliance
 s - a potion of lignification


   Skills:
 - Level 2.4 Fighting
 - Level 1.9 Dodging
 * Level 7.6 Unarmed Combat
 + Level 4.9 Invocations


You had 6 spell levels left.
You didn't know any spells.
Your spell library was empty.

Dungeon Overview and Level Annotations

Branches:
Dungeon (4/15)
 Temple: D:4-7

Altars:
Cheibriados
Kikubaaqudgha
Yredelemnul

Shops:
D:1 (

Annotations:
D:3 3 runed translucent doors, Baconl0rd's ghost, amateur DjAE
D:4 3 runed translucent doors, Ijyb; oldmanjim's ghost, amateur DECj


Innate Abilities, Weirdness & Mutations

You are a tree.
Your roots penetrate the ground, keeping you stationary.
You cannot be teleported.
You are immune to unholy pain and torment.
Your maximum health is greatly increased.
Your equipment is partially melded.
You are too large for most types of armour.
((You have claws for hands.))
Your natural rate of healing is unusually fast.
((You are covered in fur. (AC +1)))
((You have tough skin. (AC +1)))


Message History

You feel very sick.
Ijyb hits you with a +6 dagger of venom.
You are more poisoned.
You barely miss Ijyb.
Ijyb is lightly wounded.
You feel very sick.
Ijyb hits you with a +6 dagger of venom!
You are lethally poisoned!
Okay, then.
Okay, then.
Okay, then.
It was a potion of brilliance.
You feel clever all of a sudden.
* * * LOW HITPOINT WARNING * * *
You feel extremely sick. Ijyb barely misses you.
It was a potion of lignification.
You turn into a tree.
Your +0 cloak melds into your body.
Your +0 robe melds into your body.
Your roots penetrate the ground.
* * * LOW HITPOINT WARNING * * *
You feel extremely sick.
Ijyb zaps a wand.
The puff of flame hits you but does no damage.
It was a potion of might.
You feel very mighty all of a sudden.
* * * LOW HITPOINT WARNING * * *
You feel extremely sick.
Ijyb hits you with a +6 dagger of venom.
* * * LOW HITPOINT WARNING * * *
It was a potion of flight.
Your roots keep you in place.
* * * LOW HITPOINT WARNING * * *
You feel very sick. Ijyb hits you but does no damage.
It was a potion of magic.
Magic courses through your body.
* * * LOW HITPOINT WARNING * * *
You feel very sick. Ijyb hits you but does no damage.
You are more poisoned.
It was a potion of haste.
You feel yourself speed up.
You die...

..........................# ...
##.#...#.#.#............... ..#.#
##.........#.######....#..#>.....
.......#.#.#.######....#..#...#.#
##.#...................#..#......
#.......#.#.###.##....#.........
#.....###.#####'####..#..#...#.#
#.....# #.#≈≈≈≈≈≈≈≈#............
##.....###.#≈.!.♣g.≈####..#...#.#
...........#≈...!..≈###.......†..
....#......#≈......≈#...........#
.......###.#≈.....!≈#............
###)#..# #.#≈......≈#####.#..####
#.#..# #.#≈≈≈≈≈≈≈≈# #.#..# #
###.#..# #.########## #.#..# #
.......# #.# #.#..#### ....#.##
#.# .........


You could see Ijyb.

Vanquished Creatures
  Grinder (D:3)
  Sigmund (D:4)
  Edmund (D:4)
  A hornet zombie (D:3)
  A necrophage (D:4)
  3 hounds (D:4)
  A centaur skeleton (D:4)
  An iguana (D:4)
  4 adders
  3 worms
  A dart slug (D:1)
  2 orcs
  5 bats
  11 endoplasms
  3 giant cockroaches
  7 goblins
  9 hobgoblins
  3 jackals (D:2)
  5 kobolds
  2 quokkas
  3 ball pythons
  2 frilled lizards
  3 rats
73 creatures vanquished.

Notes
Turn   | Place    | Note
-------+----------+-------------------------------------------
     0 | Abyss:1  | jjjjhere the Troll Abyssal Knight began the quest for the
                  | Orb.
     0 | Abyss:1  | Reached XP level 1. HP: 22/22 MP: 1/1
    64 | Abyss:1  | Noticed a quasit
    67 | D:1      | Escaped the Abyss
   154 | D:1      | Found Vays's Weapon Boutique.
   347 | D:1      | Reached XP level 2. HP: 29/29 MP: 2/2
   612 | D:1      | Reached * piety under Lugonu
  1035 | D:2      | Reached skill level 3 in Unarmed Combat
  1043 | D:2      | Reached XP level 3. HP: 34/36 MP: 3/3
  1833 | D:3      | Noticed Grinder
  1883 | D:3      | Found a runed translucent gate.
  1884 | D:3      | Found a runed translucent gate.
  1888 | D:3      | Found a runed translucent gate.
  1898 | D:3      | Reached XP level 4. HP: 44/44 MP: 4/4
  1899 | D:3      | Noticed Baconl0rd's ghost (amateur DjAE)
  2029 | D:3      | Reached skill level 4 in Unarmed Combat
  2029 | D:3      | Reached XP level 5. HP: 32/50 MP: 4/6
  2189 | D:3      | Paralysed by Grinder for 5 turns
  2199 | D:3      | Killed Grinder
  2200 | D:3      | Reached skill level 5 in Unarmed Combat
  2200 | D:3      | Reached XP level 6. HP: 59/59 MP: 7/7
  2209 | D:3      | Reached ** piety under Lugonu
  2367 | D:4      | Found a basalt altar of Yredelemnul.
  2367 | D:4      | Found a snail-covered altar of Cheibriados.
  2368 | D:4      | Found an ancient bone altar of Kikubaaqudgha.
  2419 | D:4      | Noticed Edmund
  2470 | D:4      | Killed Edmund
  2471 | D:4      | Reached skill level 6 in Unarmed Combat
  2471 | D:4      | Reached XP level 7. HP: 51/64 MP: 7/9
  2572 | D:4      | Noticed Sigmund
  2573 | D:4      | Found a runed translucent gate.
  2574 | D:4      | Found a runed translucent gate.
  2574 | D:4      | Noticed oldmanjim's ghost (amateur DECj)
  2575 | D:4      | Found a runed translucent gate.
  2594 | D:4      | Killed Sigmund
  2645 | D:4      | Reached skill level 7 in Unarmed Combat
  2997 | D:4      | Noticed Ijyb
  3005 | D:4      | HP: 15/66 [poisoned by Ijyb]
  3008 | D:4      | HP: 5/99 [poisoned by Ijyb]
  3009 | D:4      | HP: 2/99 [poisoned by Ijyb]
  3010 | D:4      | Succumbed to Ijyb's poison

Illustrated notes

Levels and vault maps discovered:
D:1:      matt_arrival_los_fun, layout_basic, serial_shops, shop,
          minmay_hedge_maze
D:2:      layout_basic, minmay_misc_feat_x, minmay_misc_feat_encased
D:3:      layout_rooms, ebering_ghost_rock_garden, hangedman_decor_opposing,
          uniq_grinder
D:4:      layout_basic, chequers_temple_overflow_statue_of_worship,
          gammafunk_ghost_nasty_kobolds, dk_vineyard_1, minmay_manual_mail,
          uniq_edmund, uniq_pikel, uniq_ijyb, uniq_sigmund

Skill      XL: |  1  2  3  4  5  6  7 |
---------------+----------------------+-----
Invocations    | 2 3 4 |  4.9
Unarmed Combat | 3 4 5 6 7 |  7.6
Fighting       | |  2.4
Dodging        | |  1.9

Action                   |  1- 3 |  4- 6 |  7- 9 || total
-------------------------+-------+-------+-------++-------
Melee: Unarmed           |    98 |    75 |    53 ||   226
       Punch             |       |     3 |       ||     3
Invok: Depart the Abyss  |     1 |       |       ||     1
  Use: Potion            |       |       |     6 ||     6
 Stab: Sleeping          |     3 |       |     2 ||     5
Armor: Robe              |    29 |    23 |     7 ||    59
       Skin              |       |       |     3 ||     3
Dodge: Dodged            |    45 |    36 |    22 ||   103
